AoeStats
← Driezell

Arabian Desert

509689576Analyzed
1v1 RM · 4d ago on Sep 27, 2026· 40m 30s· 2 players
Game mode
Random Map
Map size
Tiny (2 player)
Population
200
Speed
Normal
Resources
Standard
Victory
Conquest
Starting age
Dark Age
Ending age
Imperial Age
RankedLock teamsTeams togetherTeam positionsShared explorationLock speedFull tech treeHidden civsTurbo modeCheats
Victory
Defeat
🇧🇬 Bulgarians · Bulgaria
962
+17
🇳🇱 Ethiopians · Netherlands
993
-17
Zarko
9:50 Loom
12:30 Feudal Age
13:12 Double-Bit Axe
13:23 Horse Collar
18:04 Fletching
18:16 Padded Archer Armor
20:20 Castle Age
18:42 Fletching
19:15 Forging
20:51 Elite Skirmisher
21:46 Stone Mining
24:31 Gold Mining
24:43 Heavy Plow
24:57 Bow Saw
25:50 Bodkin Arrow
32:15 Bloodlines
34:47 Ballistics
35:28 Husbandry
40:10 Imperial Age
37:42 Squires
Driezell
10:30 Loom
12:17 Feudal Age
14:35 Double-Bit Axe
16:21 Fletching
16:33 Padded Archer Armor
20:54 Gold Mining
21:26 Forging
23:29 Castle Age
23:44 Crossbowman
23:44 Elite Skirmisher
24:30 Thumb Ring
25:32 Bodkin Arrow
25:52 Leather Archer Armor
29:36 Wheelbarrow
29:44 Bow Saw
33:47 Hand Cart
33:18 Town Watch
Connection lost

Rejoining the realm…

Still unreachable

The connection could not be restored.

Session expired

The server has moved on; the page needs a fresh start.